 Dungeon Crawl Stone Soup version 0.29.1-1-gd02db6906a (webtiles) character file.

Game seed: 9922766796426145341

109 RogueRain17 the Ruffian (level 4, -1/33 HPs)
             Began as a Demonspawn Gladiator on Sept 18, 2022.
             Was a Believer of Kikubaaqudgha.
             Slain by a jackal (2 damage)
             ... on level 3 of the Dungeon.
             The game lasted 00:05:07 (3189 turns).

RogueRain17 the Ruffian (Demonspawn Gladiator)      Turns: 3189, Time: 00:05:09

Health: -1/33      AC:  4    Str: 16    XL:     4   Next: 60%
Magic:  4/4        EV: 12    Int:  9    God:    Kikubaaqudgha [**....]
Gold:   139        SH:  0    Dex: 15    Spells: 0/3 levels left

rFire   . . .      SeeInvis .     - Unarmed
rCold   . . .      Faith    .   (no shield)
rNeg    . . .      Spirit   .   a - +0 leather armour
rPois   .          Reflect  .   b - +0 helmet
rElec   .          Harm     .   (no cloak)
rCorr   .          Rampage  .   (no gloves)
Will    .....                   (no boots)
Stlth   +.........              (no amulet)
HPRegen 0.11/turn               (no ring)
MPRegen 0.09/turn               (no ring)

@: lethally poisoned (-1 -> -7)
A: spiny 1
a: Renounce Religion, Unearth Wretches


You were on level 3 of the Dungeon.
You worshipped Kikubaaqudgha.
Kikubaaqudgha was pleased with you.
You visited 1 branch of the dungeon, and saw 3 of its levels.

You collected 139 gold pieces.

Inventory:

Missiles
 c - 3 throwing nets (quivered)
 d - a javelin
Armour
 a - a +0 leather armour (worn)
 b - a +0 helmet (worn)
Jewellery
 n - an amulet of the acrobat
 p - a ring of resist corrosion
Scrolls
 e - a scroll of teleportation {unknown}
 f - a scroll of butterflies {unknown}
 h - a scroll of enchant armour {unknown}
 i - 5 scrolls of amnesia
 k - a scroll of silence {unknown}
 l - a scroll of blinking {unknown}
 o - a scroll of noise {unknown}
 q - a scroll of identify {unknown}
 r - a scroll of fear {unknown}
Potions
 g - 2 potions of curing {unknown}
 j - 2 potions of magic {unknown}
 m - a potion of brilliance {unknown}


   Skills:
 - Level 2.0 Fighting
 - Level 1.7 Throwing
 - Level 0.7 Armour
 - Level 3.1 Dodging
 - Level 0.6 Stealth
 * Level 4.4 Unarmed Combat
 + Level 0.0 Necromancy


You couldn't memorise any spells.
You knew the following spells:

 Your Spells              Type           Power      Damage    Failure   Level
a - Vampiric Draining     Necr           0%         2d6       83%         3

Your spell library contained the following spells:

 Spells                   Type           Power      Damage    Failure   Level
 Necrotise                Necr           0%         1d4       45%         1
 Sublimation of Blood     Necr           0%         N/A       58%         2
 Animate Dead             Necr           0%         N/A       99%         4


Dungeon Overview and Level Annotations

Branches:
Dungeon (3/15)

Altars:
Kikubaaqudgha
Yredelemnul

Annotations:
D:2 1 runed translucent door, Crazy Yiuf


Innate Abilities, Weirdness & Mutations

You are partially covered in sharp spines.


Message History

The jackal misses you.
You closely miss the jackal.
The jackal is heavily wounded.
Sigmund closely misses you. The jackal bites you.
The jackal closely misses you.
The jackal bites you but does no damage.
You hit the jackal.
The jackal is almost dead.
The jackal barely misses you. The jackal is struck by your spines.
You kill the jackal!
Kikubaaqudgha accepts your kill.
The jackal bites you but does no damage.
Sigmund barely misses you. The jackal barely misses you.
You hit Sigmund.
Sigmund is moderately wounded.
The jackal closely misses you. The jackal misses you.
A scorpion comes into view.
You hit Sigmund.
Sigmund is severely wounded.
The jackal barely misses you. The jackal misses you.
Sigmund is struck by your spines. Sigmund hits you with a +0 scythe!
You completely miss Sigmund.
Sigmund is severely wounded.
The jackal bites you.
* * * LOW HITPOINT WARNING * * *
The jackal is struck by your spines. The jackal bites you.
* * * LOW HITPOINT WARNING * * *
The scorpion is struck by your spines. The scorpion stings you.
* * * LOW HITPOINT WARNING * * *
You are lethally poisoned!
The scorpion poisons you! The jackal is struck by your spines.
The jackal closely misses you. Sigmund is struck by your spines.
Sigmund closely misses you.
You hit Sigmund.
You kill Sigmund!
Kikubaaqudgha accepts your kill.
* * * LOW HITPOINT WARNING * * *
You feel sick. The jackal bites you.
You die...
Kikubaaqudgha rasps: "You have failed me!
Welcome... death!"

............######
.##..............####
.##..###..#.##.#....##
..........#.##.#.....##
..#..##.....##.......>##
..#..##...####.........#
..^.......####.........#
#.##.............h.....#
#. ##.....#####.@h....##
. #.....# ##)s...## #
#.....# ##...## #######
..## ###


You could see a scorpion and 2 jackals.

Vanquished Creatures
  Sigmund (D:3)
  2 adders
  5 worms (D:2)
  2 dart slugs
  3 orcs (D:3)
  3 ball pythons
  4 endoplasms
  4 giant cockroaches
  9 goblins
  8 hobgoblins
  3 jackals
  3 quokkas
  A bat (D:1)
  3 frilled lizards
  8 kobolds
  7 rats
66 creatures vanquished.

Vanquished Creatures (others)
  4 fungi (D:2)
4 creatures vanquished.

Grand Total: 70 creatures vanquished

Notes
Turn   | Place    | Note
-------+----------+-------------------------------------------
     0 | D:1      | RogueRain17 the Demonspawn Gladiator began the quest for
                  | the Orb.
     0 | D:1      | Reached XP level 1. HP: 16/16 MP: 1/1
    60 | D:1      | Reached skill level 3 in Unarmed Combat
   154 | D:1      | Gained mutation: You are partially covered in sharp spines.
                  | [demonic ancestry]
   154 | D:1      | Reached XP level 2. HP: 11/22 MP: 2/2
   858 | D:1      | Reached XP level 3. HP: 24/27 MP: 3/3
  1883 | D:2      | Reached XP level 4. HP: 28/33 MP: 4/4
  2078 | D:2      | Found a faded altar of an unknown god.
  2085 | D:2      | Prayed at the altar of an unknown god.
  2085 | D:2      | Became a worshipper of Kikubaaqudgha
  2085 | D:2      | Reached * piety under Kikubaaqudgha
  2085 | D:2      | Received a gift from Kikubaaqudgha
  2090 | D:2      | Learned a level 3 spell: Vampiric Draining
  2174 | D:2      | Reached skill level 4 in Unarmed Combat
  2677 | D:2      | Found a runed translucent door.
  2678 | D:2      | Noticed Crazy Yiuf
  3118 | D:3      | Found a basalt altar of Yredelemnul.
  3145 | D:3      | Reached ** piety under Kikubaaqudgha
  3180 | D:3      | Noticed Sigmund
  3186 | D:3      | Noticed a scorpion
  3189 | D:3      | Killed Sigmund
  3189 | D:3      | HP: 1/33 [poisoned by a scorpion]
  3189 | D:3      | Slain by a jackal

Illustrated notes

Levels and vault maps discovered:
D:1:      erik_arrival_cave_to_civilisation [erik_arrival_cave_to_hall],
          layout_basic
D:2:      layout_basic, dreamdust_ecumenical_altar_angels_and_demons,
          minmay_split_cup_large, uniq_crazy_yiuf_cottage
D:3:      layout_loops_cross, mainiacjoe_overflow_boulevard,
          guppyfry_early_orc_mine, uniq_sigmund

Skill      XL: |  1  2  3  4 |
---------------+-------------+-----
Unarmed Combat | 3 4 |  4.4
Dodging        | 3 |  3.1
Fighting       | |  2.0
Throwing       | |  1.7
Armour         | |  0.7
Stealth        | |  0.6

Action                   |  1- 3 |  4- 6 || total
-------------------------+-------+-------++-------
Melee: Unarmed           |   107 |    63 ||   170
       Punch             |     3 |       ||     3
  Use: Scroll            |     1 |       ||     1
 Stab: Distracted        |     1 |       ||     1
       Sleeping          |       |     2 ||     2
Armor: Leather armour    |    22 |    10 ||    32
Dodge: Dodged            |    42 |    36 ||    78
